cohdb
Replays
Latest Replays
All Replays
Popular Replays
Top Player Replays
Match Explorer
How It Works
Community
CoH3 Stats
Reddit
Sign in to upload your games and track your stats! →
Sign in with Steam
Match 42137466
Unlisted
Match 42137466
Overview
Messages
Build Orders
End
Construct Weapon Support Center
M1919 Machine Gun Team
Scout Squad
M1919 Machine Gun Team
Scout Squad
Mechanized Support Center
Engineer Squad
Scout Squad
M3 Armored Personnel Carrier
M1919 Machine Gun Team
Selects Heavy Weapons
Selects M2HB .50cal Heavy Machine Gun
M3 Armored Personnel Carrier
Construct Tank Depot
Selects Rapid Reposition
Designate Forward Repair Station
Scout Squad
M4A1 Sherman Medium Tank
M4A1 76mm Conversion
Forward Retreat Point
M3 Armored Personnel Carrier
.30 cal Machine Gun
Improvised Armor
M4A1(76) Sherman Medium Tank
M4(105) Sherman Bulldozer
Boom
Arturia The 'Virtuosa'
Kanade
|||||||||||||||||||||||||
暗羽之夜
[TW]克特
欧阳黑奔
卡卡
0
0
Comments
sign in to comment!
No comments posted yet!